[Event "Early-Titled-Tuesday-Blitz-July-09-2024"]
[Site "Chess.com"]
[Date "2024.07.09"]
[Round "5"]
[White "Individoom"]
[Black "ChessFighter_2011"]
[Result "1/2-1/2"]
[WhiteElo "2754"]
[BlackElo "2947"]
[TimeControl "180+1"]
[EndTime "8:59:18 PDT"]
[Termination "Game drawn - insufficient material"]

1. d4 Nf6 2. Bg5 Ne4 3. h4 c5 4.
d5 g6 5. Nd2 Nxg5 6. hxg5 Bg7 7. c3 d6 8. e4 h6 9. Ngf3 Bg4 10.
Be2 Nd7 11. a4 Qc7 12. a5 O-O-O 13. Qa4 hxg5 14. Rxh8 Rxh8 15. Nxg5 Bxe2 16. Kxe2 Ne5 17. f4 Bf6 18. Ngf3 Nxf3 19. Nxf3 Qd7 20. Qxd7+ Kxd7 21. e5 dxe5 22. fxe5 Bg7 23. Ke3 e6 24. Rd1 exd5 25.
Rxd5+ Kc6 26. Rd6+ Kc7 27. Kf4 Re8 28. Rd5 b6 29. c4 f6 30. b3 fxe5+ 31. Nxe5 Rf8+ 32.
Ke4 Bxe5 33. Rxe5 Kd6 34. Rg5 Rf6 35. axb6 axb6 36. Ke3 Re6+ 37. Kd3 Rf6 38. Ke4 Re6+ 39. Kf4 Rf6+ 40. Kg4 Ke6 41. g3 Kf7 42. Rd5 Ke6 43. Rd8 Rf2 44. Rb8 Kf7 45. Rb7+ Kf8 46. Rxb6 Kf7 47. Rb7+ Kf6 48. Rb6+ Kf7 49. Rc6 Rb2 50.
Kg5 Rxb3 51. Rc7+ Ke6 52. g4 Kd6 53. Rg7 Rc3 54. Rxg6+ Ke5 55. Rg8 Rxc4 56. Re8+ Kd6 57.
Kf5 Rc1 58. g5 Rf1+ 59. Kg6 Kd5 60. Rd8+ Ke4 61. Kh6 c4 62. g6 Rh1+ 63. Kg5 Rg1+ 64.
Kf6 c3 65. Rc8 Kd3 66. g7 Rxg7 67. Kxg7 c2 68. Rxc2 Kxc2 1/2-1/2

[Event "Early-Titled-Tuesday-Blitz-July-09-2024"]
[Site "Chess.com"]
[Date "2024.07.09"]
[Round "5"]
[White "RobertoJBM"]
[Black "Rile-Man"]
[Result "0-1"]
[WhiteElo "2848"]
[BlackElo "2662"]
[TimeControl "180+1"]
[EndTime "8:59:18 PDT"]
[Termination "Rile-Man won on time"]

1. d4 Nf6 2. Nf3 g6 3. e3 Bg7 4. Be2 O-O 5. O-O d6 6. b3 c5 7. Bb2 b6 8. d5 Bb7 9. c4 b5 10. cxb5 Nxd5 11. Bxg7 Kxg7 12. Qc2 a6 13. Nc3 axb5 14.
Bxb5 Qa5 15. Nxd5 Bxd5 16. Be2 Nc6 17. a3 Rfb8 18. Rfb1 Ra7 19. Nd2 Kg8 20. h4 h5 21.
Bc4 Bxc4 22. Nxc4 Qc7 23. g3 Na5 24. Nd2 Qd7 25. b4 cxb4 26. axb4 Rc7 27. Qa4 Qxa4 28.
Rxa4 Nc6 29. Rc1 Rcc8 30. Nf3 Kf8 31. Kg2 Ke8 32. Rc4 Kd7 33. Nd4 Nxd4 34. Rxd4 Rc7 35.
Kf3 Rb5 36. Ra5 Rcb7 37. Rxb5 Rxb5 38. Ke2 e5 39. Rc4 d5 40. Rc2 Rxb4 41. Ra2 Rb6 42. Kd3 Ke6 43. Ke2 Kf5 44. Kf3 Rb3 45. Ra5 d4 46. Rd5 dxe3 47. fxe3 Ke6 48. Rd8 f5 49. Ra8 Rb6 50. Rg8 Kf6 51. Ra8 Re6 52. Ra5 g5 53. hxg5+ Kxg5 54. Ra8 Rg6 55. Ra5 e4+ 56. Kf2 Rb6 57.
Ra8 Rb2+ 58. Kf1 Kg4 59. Rf8 Rb3 60. Kf2 Rb2+ 61. Kf1 Kxg3 62. Rxf5 h4 63. Rf4 h3 64. Rf8 h2 65. Rg8+ Kf3 66. Rf8+ Kxe3 0-1

[Event "Early-Titled-Tuesday-Blitz-July-09-2024"]
[Site "Chess.com"]
[Date "2024.07.09"]
[Round "5"]
[White "EternalNight8"]
[Black "abelmat"]
[Result "1-0"]
[WhiteElo "2377"]
[BlackElo "2118"]
[TimeControl "180+1"]
[EndTime "8:59:18 PDT"]
[Termination "EternalNight8 won by checkmate"]

1. d4 d5 2. c4 e6 3. Nf3 Nf6 4.
g3 Be7 5. Bg2 O-O 6. O-O dxc4 7.
Qc2 a6 8. Qxc4 b5 9. Qc2 Bb7 10. Nc3 Nbd7 11. Rd1 Qc8 12. a3 c5 13. e4 cxd4 14.
Nxd4 Ne5 15. Bf4 Nc4 16. Qe2 Re8 17. e5 Nd7 18. h4 Bxg2 19. Kxg2 Qb7+ 20. f3 Red8 21.
b3 Nxa3 22. Ne4 b4 23. h5 h6 24. Rac1 Rac8 25. Qe3 Bf8 26. g4 Nc5 27. Nd6 Bxd6 28. exd6 e5 29. Bxe5 Rf8 30. Nf5 Ne6 31. Ne7+ Kh8 32.
Nxc8 Rxc8 33. d7 Rxc1 34. d8=Q+ Nxd8 35. Rxd8+ Kh7 36. Qxc1 Qe7 37. Qc7 Qe6 38. Qd6 Qxb3 39. Qd3+ Qxd3 40. Rxd3 a5 41. Bc7 a4 42. Bd6 Nc4 43.
Bxb4 a3 44. Bxa3 Ne5 45. Rb3 Nc4 46. f4 Nd2 47. Rd3 Nc4 48. Bc1 g6 49. hxg6+ Kxg6 50. Rc3 f5 51. Rxc4 fxg4 52. Kg3 Kf5 53. Rc5+ Ke4 54.
Kxg4 h5+ 55. Kxh5 Kd4 56. Rc8 Ke4 57. Re8+ Kf3 58. f5 Kg3 59. f6 Kh2 60. f7 Kg3 61. f8=Q Kh3 62. Qf3+ Kh2 63. Re2+ Kg1 64. Qg2# 1-0

[Event "Early-Titled-Tuesday-Blitz-July-09-2024"]
[Site "Chess.com"]
[Date "2024.07.09"]
[Round "5"]
[White "Redbandit87"]
[Black "tarno17"]
[Result "1-0"]
[WhiteElo "2401"]
[BlackElo "2177"]
[TimeControl "180+1"]
[EndTime "8:59:18 PDT"]
[Termination "Redbandit87 won on time"]

1. e4 c5 2. d4 cxd4 3. c3 d5 4. exd5 Qxd5 5. cxd4 e6 6. Nc3 Qd6 7. Nf3 Nf6 8. Be2 Be7 9. O-O O-O 10. Bd3 Nc6 11.
Re1 Nb4 12. Bb1 b6 13. a3 Nbd5 14. Ne5 Bb7 15. Qd3 Rfd8 16. Bg5 Rac8 17. Nxd5 Qxd5 18. Qh3 h6 19. Be3 Bd6 20. Ba2 Qb5 21. Nxf7 Bd5 22. Bxd5 exd5 23. Nxd8 Rxd8 24. b4 Ne4 25. Qg4 Kh8 26.
f3 Nf6 27. Qg6 Nh7 28. Rac1 Qd7 29. Bf2 Rf8 30. Bg3 Rf6 31. Qg4 Qxg4 32. fxg4 Bxg3 33.
hxg3 Ng5 34. Rc8+ Kh7 35. Rd8 Ne4 36. Rxd5 Nxg3 37. Kh2 Nf1+ 38. Kg1 Nd2 39. Rd8 Nc4 40. d5 Nxa3 41. d6 Nc4 42. Rd1 Rf7 43. d7 Ne5 44.
Rh8+ Kxh8 45. d8=Q+ Kh7 46. Qd4 Ng6 47. Qe4 Rf4 48. Qb1 Rxg4 49. Rd6 Rg5 50. b5 h5 51. Rc6 Kh6 52. Kh2 Kh7 53. Qe4 Rg4 54. Qd3 Kh6 55.
Kh3 Kh7 56. g3 Kh6 57. Rxg6+ Rxg6 58. Qe3+ Kh7 59. Qe7 Kh6 60. Qxa7 Rf6 61. Qc7 g6 62. Qe7 Rf5 63. Qe3+ Kg7 64. Qxb6 Kh6 65. Qc6 Kg5 66. b6 Rf1 67. Qd5+ Kh6 68. Qd2+ g5 69. Qb2 g4+ 70. Kg2 Rf3 71. b7 h4 72. b8=Q 1-0

[Event "Early-Titled-Tuesday-Blitz-July-09-2024"]
[Site "Chess.com"]
[Date "2024.07.09"]
[Round "5"]
[White "tptagain"]
[Black "Goryachkina"]
[Result "1-0"]
[WhiteElo "3049"]
[BlackElo "2672"]
[TimeControl "180+1"]
[EndTime "8:59:19 PDT"]
[Termination "tptagain won on time"]

1. d4 Nf6 2. Nf3 d5 3. e3 Bf5 4. c4 c6 5. Nc3 e6 6. Nh4 Bg6 7.
Nxg6 hxg6 8. g3 Nbd7 9. Bg2 Bb4 10. O-O dxc4 11. Qe2 Nb6 12. Nb1 Qe7 13. a3 Bd6 14.
Nd2 e5 15. Nxc4 Nxc4 16. Qxc4 O-O 17. Bd2 exd4 18. exd4 Rfe8 19. Rfe1 Qd7 20. Rad1 Bc7 21. Qb3 Bb6 22. Bc3 Rxe1+ 23. Rxe1 Rd8 24. Rd1 Qf5 25. Qc4 Qc2 26. Qd3 Qxd3 27. Rxd3 Nd5 28. h4 f5 29. Bd2 Kf7 30. Bg5 Rd7 31. Kf1 Nc7 32. Be3 Nd5 33.
Bg5 Nc7 34. Bf4 Ne6 35. d5 Nxf4 36. gxf4 Bc7 37. Rb3 Bxf4 38. dxc6 bxc6 39. Bxc6 Rc7 40. Bd5+ Kf6 41. Rb5 g5 42. hxg5+ Kxg5 43. b4 Be5 44. Be6 Kf4 45. Ke2 Rc2+ 46. Ke1 g6 47. Bf7 g5 48. Be6 Rb2 49. Ra5 g4 50. Rxa7 Bc3+ 51. Kd1 Rxf2 52. Rf7 Ke5 53. Bc8 g3 54. Rg7 g2 55. Bb7 Rf1+ 56.
Kc2 g1=Q 57. Rxg1 Rxg1 58. Kxc3 f4 59. a4 f3 60. Bxf3 Rg3 61. Kc4 Rxf3 62. Kc5 Rc3+ 63. Kb6 Kd6 64. b5 Kd7 65. a5 Rc7 66. a6 Kc8 67. a7 1-0

[Event "Early-Titled-Tuesday-Blitz-July-09-2024"]
[Site "Chess.com"]
[Date "2024.07.09"]
[Round "5"]
[White "madmax011"]
[Black "cmunda"]
[Result "1/2-1/2"]
[WhiteElo "2366"]
[BlackElo "2104"]
[TimeControl "180+1"]
[EndTime "8:59:20 PDT"]
[Termination "Game drawn - insufficient material"]

1. d4 e6 2. c4 b6 3. Nf3 Bb7 4. g3 f5 5. Bg2 Bb4+ 6. Nbd2 Nf6 7.
O-O O-O 8. Nb3 a5 9. Qc2 a4 10. Nbd2 Bxd2 11. Bxd2 d6 12. b4 axb3 13. axb3 Rxa1 14.
Rxa1 Be4 15. Qb2 Qe8 16. Ra7 Qc8 17. b4 Nc6 18. Ra3 Qb7 19. b5 Ne7 20. Qa2 Ra8 21.
Rxa8+ Qxa8 22. Qxa8+ Bxa8 23. Ng5 Bxg2 24. Kxg2 e5 25.
dxe5 dxe5 26. Bc3 Ng6 27. h4 h5 28. Ne6 Ne8 29. Bb4 Kf7 30. Nd8+ Kf6 31. f3 Ne7 32. Bc3 Nd6 33. f4 Nxc4 34. fxe5+ Nxe5 35. Kf2 Ng6 36. Nc6 Ke6 37. Nd4+ Kf6 38. Nc6 Ke6 39.
Nd4+ Kf6 40. Ke1 f4 41. gxf4 Nxf4 42. Nf3 Ng6 43. Kd2 Kf5 44. Nd4+ Ke4 45. Ne6 Nc4+ 46. Kd1 Nxh4 47. Bxg7 Ng2 48. Nxc7 h4 49. Ne6 h3 50. Ng5+ Kd5 51. Nxh3 Kc5 52. Bf8+ Kxb5 53. e4 Nge3+ 54. Ke2 Ng4 55. Kd3 Nge5+ 56. Kd4 Kc6 57. Nf4 b5 58. Nd5 Nf3+ 59. Kd3 Nfe5+ 60. Kd4 Nf3+ 61. Kc3 Ng5 62. Kb4 Nxe4 63. Ne7+ Kb6 64. Nd5+ Kc6 65. Ne7+ Kd7 66. Kxb5 Ncd6+ 67. Kb4 Ke8 68. Nc6 Kxf8 69. Ka5 Ke8 70. Kb4 Kd7 71. Nd4 Kc7 72. Nb5+ Nxb5 1/2-1/2

[Event "Early-Titled-Tuesday-Blitz-July-09-2024"]
[Site "Chess.com"]
[Date "2024.07.09"]
[Round "5"]
[White "Tagir45"]
[Black "EdenDzung06"]
[Result "0-1"]
[WhiteElo "2611"]
[BlackElo "2475"]
[TimeControl "180+1"]
[EndTime "8:59:23 PDT"]
[Termination "EdenDzung06 won on time"]

1. d4 Nf6 2. Bf4 e6 3. e3 b6 4.
Nf3 Bb7 5. Bd3 Be7 6. O-O O-O 7.
h3 d6 8. c4 Nbd7 9. Nc3 Re8 10. b4 Bf8 11. Rb1 e5 12. Bh2 e4 13. Be2 exf3 14. Bxf3 Bxf3 15. Qxf3 g6 16. Rfd1 Bg7 17.
Qc6 Rc8 18. a4 Nb8 19. Qb7 a6 20. b5 a5 21. c5 Re7 22. Qf3 d5 23. c6 Ne4 24. Nxe4 Rxe4 25. Rbc1 Bf8 26. Be5 Bd6 27. Qg3 Be7 28. Qf3 f5 29. Qe2 Bd6 30. f3 Rh4 31.
f4 Qe7 32. Qf3 Qe6 33. Kh2 Rh5 34. Kg1 Kf7 35. Kf2 Rh6 36. Rh1 Rg8 37. g4 g5 38.
gxf5 Qxf5 39. Qxd5+ Qe6 40. Qxe6+ Kxe6 41. Rcg1 Rhg6 42.
Bxd6 Kxd6 43. Rxg5 Rxg5 44. fxg5 Rxg5 45. Rg1 Rf5+ 46.
Ke2 Nxc6 47. bxc6 Kxc6 48. Rg7 Rh5 49. Rg3 b5 50. axb5+ Kxb5 51. e4 a4 52. e5 Kc4 53.
e6 Rb5 54. Rg8 Kxd4 0-1

[Event "Early-Titled-Tuesday-Blitz-July-09-2024"]
[Site "Chess.com"]
[Date "2024.07.09"]
[Round "5"]
[White "CrimeFightingSpider07"]
[Black "SharathRk6"]
[Result "1-0"]
[WhiteElo "2612"]
[BlackElo "2454"]
[TimeControl "180+1"]
[EndTime "8:59:24 PDT"]
[Termination "CrimeFightingSpider07 won by resignation"]

1. b3 Nf6 2. Bb2 g6 3. Nf3 Bg7 4. g3 O-O 5. Bg2 b6 6. O-O Bb7 7. c4 c5 8. Nc3 Nc6 9. d4 cxd4 10.
Nxd4 Rb8 11. Rc1 Nxd4 12. Qxd4 Ne4 13. Qd3 Nxc3 14. Bxc3 Bxg2 15. Kxg2 Qc7 16. Rfd1 d6 17. Bxg7 Kxg7 18. Qd4+ Kg8 19. Rc3 Rbc8 20. Re3 Rfe8 21.
h4 Qc5 22. Qe4 a5 23. Rd5 Qc6 24. h5 e6 25. Rb5 d5 26. Qf3 dxc4 27. Qxc6 Rxc6 28.
bxc4 Rb8 29. hxg6 hxg6 30. Rc3 Rbc8 31. Rcb3 Rxc4 32. Rxb6 Rc2 33. Rb2 a4 34. a3 Rxb2 35. Rxb2 Rc3 36. Rb5 Rxa3 37. Ra5 Ra1 38. g4 a3 39. g5 a2 40. Ra8+ Kg7 41. Ra7 Kf8 42. f3 Kg7 43. Ra8 e5 44. Kf2 f5 45. gxf6+ Kxf6 46. Ra6+ Kf5 47. Ke3 g5 48. Ra5 Kf6 49. Ke4 Rb1 50.
Ra6+ Kf7 51. Rxa2 Rb5 52. Kf5 e4+ 53. Kxe4 Kf6 54. Ra6+ Kf7 55. Rd6 Rb4+ 56. Rd4 Rb5 57. Rd5 Rb2 58. e3 Rb4+ 59. Kf5 Rb3 60. Re5 Kg7 61.
Kxg5 Kf7 62. Kf5 Kf8 63. Kf4 Kf7 64. Ra5 Kf8 65. e4 Ke7 66. e5 Ke8 67. Ra7 Kf8 68. Ke4 Ke8 69. f4 Rb4+ 70. Kf5 Rb6 71. e6 Rb5+ 72.
Kf6 Rb8 73. Rh7 1-0

[Event "Early-Titled-Tuesday-Blitz-July-09-2024"]
[Site "Chess.com"]
[Date "2024.07.09"]
[Round "5"]
[White "nj123456"]
[Black "chessdjw"]
[Result "1-0"]
[WhiteElo "2534"]
[BlackElo "2761"]
[TimeControl "180+1"]
[EndTime "8:59:25 PDT"]
[Termination "nj123456 won by checkmate"]

1. e4 e5 2. Nf3 Nc6 3. Bb5 a6 4. Ba4 Nf6 5. O-O b5 6. Bb3 Bb7 7. c3 Be7 8. Re1 O-O 9. d4 d6 10.
a3 h6 11. Nbd2 Re8 12. Nf1 Bf8 13. Ng3 g6 14. h3 Bg7 15. Bc2 Nb8 16. a4 Nbd7 17. Bd3 c6 18. Bf1 Nb6 19. dxe5 dxe5 20. Qxd8 Raxd8 21. axb5 c5 22. bxa6 Bc6 23. b4 c4 24. Be3 Nfd7 25. Reb1 Bf8 26. a7 Bb7 27. Nd2 Rc8 28. Be2 h5 29. Ngf1 Kg7 30. f3 f5 31.
Bf2 Be7 32. exf5 gxf5 33. Ne3 Kg6 34. Nexc4 Nd5 35. Rc1 Bg5 36. Rc2 Re6 37. b5 e4 38.
fxe4 fxe4 39. Nxe4 Rxe4 40. Bd3 Rxc4 41. Bxe4+ Rxe4 42.
a8=Q Bxa8 43. Rxa8 Rc4 44. Ra6+ Kf5 45. Bd4 Nb4 46.
Rf2+ Ke4 47. Re6+ Kd5 48. Rg6 Bh4 49. Rf5+ Ke4 50. Rxh5 Be1 51. Re6+ Kd3 52. Rxe1 Nc2 53. Rd1+ Ke2 54. Rc1 Nxd4 55. Rd5 Nb3 56. Rc2+ Ke3 57. Rxd7 Ra4 58. b6 Nc5 59. Re7+ Kf4 60. b7 Kg3 61.
Rf2 Ra1+ 62. Rf1 Ra2 63. Rf3+ Kh4 64. Rh7+ Kg5 65. Rg7+ Kh6 66. b8=Q Ne6 67. Qh8# 1-0

[Event "Early-Titled-Tuesday-Blitz-July-09-2024"]
[Site "Chess.com"]
[Date "2024.07.09"]
[Round "5"]
[White "MKlose11"]
[Black "klimkoj"]
[Result "1/2-1/2"]
[WhiteElo "2673"]
[BlackElo "2877"]
[TimeControl "180+1"]
[EndTime "8:59:28 PDT"]
[Termination "Game drawn - insufficient material"]

1. e4 c6 2. Nc3 d5 3. g3 Nf6 4. Bg2 e6 5. Nge2 dxe4 6. Nxe4 Nxe4 7. Bxe4 Nd7 8. d4 Nf6 9. Bg2 Be7 10. O-O O-O 11. c3 Bd7 12. h3 Qb6 13. Qb3 Rfd8 14. Re1 Nd5 15. Nf4 Bd6 16. Nxd5 cxd5 17. Qxb6 axb6 18.
a3 Ba4 19. Bf4 Bxf4 20. gxf4 Bc2 21. Kh2 Bf5 22. Kg3 Kf8 23. Bf3 Ke7 24. h4 Kf6 25. Rh1 Ra5 26. Rad1 Rda8 27. Rd2 Ke7 28. h5 f6 29. Bg4 Bxg4 30. Kxg4 Kd6 31. Kf3 Re8 32.
Rg1 Re7 33. Ke3 Ra8 34. Kd3 Rf8 35. Re2 Rff7 36. f3 b5 37. Rg3 e5 38. fxe5+ fxe5 39. dxe5+ Rxe5 40. Rxe5 Kxe5 41. Rg5+ Ke6 42. Kd4 Rd7 43.
Kc5 Kf6 44. Rg4 g6 45. hxg6 h5 46. Rg2 Rg7 47. Kxb5 Rxg6 48. Rh2 Rg5 49. Kb6 Ke5 50.
Kxb7 Kf4 51. a4 Kg3 52. Rh1 h4 53. a5 d4 54. cxd4 Rxa5 55. Kc6 Ra4 56. d5 Rb4 57. f4 Rxb2 58. f5 Rf2 59. Rg1+ Kf4 60. f6 Ke5 61. Rg4 Rxf6+ 62. Kc5 Rh6 63. Rg1 h3 64. Re1+ Kf4 65. d6 h2 66. d7 Rh8 67. Kc6 Kg3 68. Ra1 Kg2 69. Kc7 h1=Q 70. Rxh1 Kxh1 71. d8=Q Rxd8 72.
Kxd8 1/2-1/2

[Event "Early-Titled-Tuesday-Blitz-July-09-2024"]
[Site "Chess.com"]
[Date "2024.07.09"]
[Round "5"]
[White "Makswolf200817"]
[Black "PositionalPanther"]
[Result "1-0"]
[WhiteElo "2768"]
[BlackElo "2501"]
[TimeControl "180+1"]
[EndTime "8:59:31 PDT"]
[Termination "Makswolf200817 won by checkmate"]

1. d4 d5 2. c4 e6 3. Nf3 a6 4.
Bg5 Be7 5. Bxe7 Qxe7 6. e3 Nf6 7. Nc3 O-O 8. Bd3 dxc4 9. Bxc4 b5 10. Bd3 Bb7 11. O-O c5 12. dxc5 Qxc5 13. Rc1 Qe7 14.
Qe2 Nbd7 15. e4 e5 16. Bb1 Rac8 17. Rcd1 Nb6 18. Rfe1 h6 19. Nd5 Nbxd5 20. exd5 Bxd5 21. Nxe5 Qb7 22. Ng4 Nxg4 23. Qxg4 Be6 24. Qg3 Rfd8 25. h3 Qb6 26. Qe5 Rxd1 27. Rxd1 Rd8 28. Rc1 Qd6 29. Qe4 g6 30. Qh4 Kg7 31. Re1 Qd4 32. Qg3 Qf6 33. b3 Rd2 34. a4 h5 35. axb5 axb5 36. Qe3 Rb2 37. Qc5 Rxb3 38. Qb6 Rb2 39. Bd3 b4 40. Qe3 b3 41. Be4 Ra2 42. Bb1 Ra1 43. Kh2 b2 44. Qd2 Rxb1 45. Rxb1 Qe5+ 46. g3 Qe4 47.
Qxb2+ Kh7 48. Qb4 Qf3 49. Qd4 Bd5 50. Rg1 Kg8 51. Qe3 Qf5 52. Rd1 Kg7 53. Qd4+ f6 54.
Qxd5 Qxf2+ 55. Qg2 Qf5 56. Rf1 Qe5 57. Qf2 g5 58.
Qf5 Qb2+ 59. Rf2 Qc3 60. Qd7+ Kg6 61. Qe8+ Kg7 62. Qe7+ Kg8 63. Qxf6 Qc5 64. Qf7+ Kh8 65. Qf8+ Qxf8 66. Rxf8+ Kg7 67. Rb8 Kg6 68. h4 gxh4 69.
gxh4 Kf5 70. Kg3 Kg6 71. Rb5 Kh6 72. Kf4 Kg7 73. Rxh5 Kg6 74. Ra5 Kg7 75. Kg5 Kh7 76. Ra7+ Kg8 77. Kf6 Kf8 78. Ra8# 1-0

[Event "Early-Titled-Tuesday-Blitz-July-09-2024"]
[Site "Chess.com"]
[Date "2024.07.09"]
[Round "5"]
[White "MusicCityMaster"]
[Black "Herzog2012"]
[Result "0-1"]
[WhiteElo "2501"]
[BlackElo "2722"]
[TimeControl "180+1"]
[EndTime "8:59:32 PDT"]
[Termination "Herzog2012 won by checkmate"]

1. d4 Nf6 2. c4 e6 3. Nf3 d5 4. Nc3 Bb4 5. e3 O-O 6. Bd3 dxc4 7. Bxc4 c5 8. O-O cxd4 9. exd4 b6 10. a3 Bxc3 11.
bxc3 Qc7 12. Qd3 Bb7 13. Ne5 Nbd7 14. Bf4 Rac8 15. Nxd7 Qxd7 16. Bb5 Qd5 17. f3 Rfd8 18. Rfd1 Qb3 19. c4 Qxd3 20. Rxd3 a6 21. Ba4 Rxc4 22. Bb3 Rcxd4 23. Rxd4 Rxd4 24. Be5 Rd2 25. Rc1 h6 26. Rc7 Rd7 27. Rc1 Nd5 28. Rd1 f6 29. Bb2 Rc7 30. h4 Kf7 31. h5 Ke7 32. Re1 Kd6 33. Bd4 e5 34. Bf2 Rc3 35. Bxd5 Bxd5 36. Bxb6 Rxa3 37.
Rc1 Rb3 38. Bc5+ Kd7 39. Bf8 Rb8 40. Bxg7 Rg8 41. Bxf6 Bxf3 42. Kf2 Ke6 43. Kxf3 Kxf6 44. Rc6+ Kg5 45. Rxa6 Rf8+ 46. Kg3 Kxh5 47. Re6 Rf5 48. Re7 Kg6 49. Re6+ Kg5 50. Re8 h5 51. Rg8+ Kf6 52. Rf8+ Ke6 53. Rh8 Kd5 54. Rd8+ Ke4 55. Kh2 Rg5 56. Rd1 Kf4 57. Rf1+ Ke3 58. Rf3+ Ke2 59. Kh3 e4 60. Rf4 e3 61. g3 Ke1 62. Kh4 Rd5 63. Re4 e2 64. g4 hxg4 65. Kxg4 Kd1 66. Kf3 e1=Q 67. Rxe1+ Kxe1 68. Ke3 Rd2 69. Kf3 Rd3+ 70. Ke4 Ke2 71. Kf4 Re3 72. Kg4 Rf3 73. Kh4 Ke3 74.
Kg4 Ke4 75. Kg5 Rf4 76. Kg6 Rf5 77. Kh6 Ke5 78. Kg6 Ke6 79. Kg7 Rg5+ 80. Kh6 Kf6 81. Kh7 Rh5+ 82. Kg8 Rh4 83. Kf8 Rh8# 0-1

[Event "Early-Titled-Tuesday-Blitz-July-09-2024"]
[Site "Chess.com"]
[Date "2024.07.09"]
[Round "5"]
[White "FloMasterAAK"]
[Black "Akewjon"]
[Result "1/2-1/2"]
[WhiteElo "2578"]
[BlackElo "2743"]
[TimeControl "180+1"]
[EndTime "8:59:37 PDT"]
[Termination "Game drawn by stalemate"]

1. e4 e5 2. Nf3 Nc6 3. d4 exd4 4.
Nxd4 Nf6 5. Nxc6 bxc6 6. e5 Qe7 7. Qe2 Nd5 8. h4 d6 9. c4 Nb6 10. exd6 Qxe2+ 11. Bxe2 Bxd6 12. Nc3 Be6 13. b3 a5 14. Bb2 a4 15. O-O-O O-O 16. Ne4 Bf4+ 17. Kc2 Nd7 18. Ng5 Bf5+ 19. Bd3 axb3+ 20. axb3 Bxd3+ 21. Rxd3 Nc5 22. Rf3 Bd6 23. Re1 h6 24. Ne4 Rfe8 25.
Rfe3 Rxe4 26. Rxe4 Nxe4 27. Rxe4 f5 28. Re2 Kf7 29. Rd2 g5 30. hxg5 hxg5 31. f3 Rg8 32. Bc3 g4 33. c5 Bxc5 34. Rd7+ Ke6 35. Rxc7 gxf3 36. gxf3 Rg3 37. Rxc6+ Kd5 38. Rc8 Rxf3 39. b4 Rf2+ 40. Kb3 Be3 41. Rd8+ Kc6 42. Kc4 f4 43. b5+ Kc7 44. Rf8 Rf1 45. Rf7+ Kd8 46. Ba5+ Ke8 47. Rf5 Ke7 48. b6 Rb1 49. Bb4+ Ke6 50. b7 Ba7 51.
Rxf4 Bb8 52. Rf8 Bc7 53. b8=Q Bxb8 54. Rxb8 Kd7 55. Kb5 Kc7 56. Rh8 Kb7 57. Rh7+ Kc8 58. Kc6 Rd1 59. Bd6 Rc1+ 60. Bc5 Rd1 61. Rh8+ Rd8 62.
Rh2 Rd1 63. Ra2 Rb1 64. Ra8+ Rb8 65. Ra7 Rb1 66. Rc7+ Kb8 67. Rf7 Ka8 68. Rf2 Rb2 69. Rxb2 1/2-1/2

[Event "Early-Titled-Tuesday-Blitz-July-09-2024"]
[Site "Chess.com"]
[Date "2024.07.09"]
[Round "5"]
[White "MrMatesM"]
[Black "Noki102"]
[Result "0-1"]
[WhiteElo "2701"]
[BlackElo "2548"]
[TimeControl "180+1"]
[EndTime "8:59:37 PDT"]
[Termination "Noki102 won by resignation"]

1. Nf3 b6 2. g3 Bb7 3. Bg2 g6 4. O-O Bg7 5. d3 Nf6 6. e4 d6 7.
Re1 Nbd7 8. Nbd2 O-O 9. c3 e5 10. b4 a5 11. b5 a4 12. Qc2 Re8 13. Ba3 Nc5 14. Bxc5 dxc5 15. Nc4 Nd7 16. Bh3 h6 17. Bxd7 Qxd7 18. Rab1 Qe7 19. Ne3 Red8 20. c4 Qf6 21.
Qe2 Rxd3 22. Qxd3 Qxf3 23. Qe2 Qxe4 24. Nd5 Bxd5 25. Qxe4 Bxe4 26. Rxe4 Rd8 27. Re3 Rd2 28. Ra3 e4 29. Rxa4 Bd4 30. Rf1 Rc2 31. Ra7 Rxc4 32. Rxc7 Ra4 33. Rc6 c4 34. Rd1 Bc5 35. Rxc5 bxc5 36.
b6 Rb4 37. Rc1 f5 38. b7 Rxb7 39. Rxc4 Rb1+ 40. Kg2 Rb2 41. Kg1 Rxa2 42. Rxc5 Kf7 43. Rc6 Ra3 44. Kg2 h5 45. h4 Rb3 46. Kf1 Rb2 47.
Ke1 Ra2 48. Kf1 Ra7 49. Ke2 Re7 50. Ke3 Re6 51. Rc8 Kf6 52. Rf8+ Kg7 53. Ra8 Rd6 54. Re8 Kh6 55. Rh8+ Kg7 56. Re8 Kf6 57. Rf8+ Ke5 58.
Re8+ Re6 59. Rd8 Rc6 60. Rg8 Rc3+ 61. Ke2 Rc2+ 62. Ke3 Rc3+ 63. Ke2 Rc2+ 64. Ke3 Kf6 65. Rf8+ Ke7 66. Rg8 Kf7 67. Ra8 Rc3+ 68. Ke2 Rb3 69.
Ra6 Rc3 70. Kd2 Rf3 71. Ke2 f4 72. gxf4 Rxf4 73. Ke3 Rxh4 74. Ra7+ Kf6 75. Ra6+ Kg5 76. Ra5+ Kh6 77. Ra6 Rg4 78. Ra8 h4 79. Rh8+ Kg5 80. Rh7 Kf6 81. Rh6 Kg7 0-1

[Event "Early-Titled-Tuesday-Blitz-July-09-2024"]
[Site "Chess.com"]
[Date "2024.07.09"]
[Round "5"]
[White "Meri-Arabidze"]
[Black "BaylavChess"]
[Result "1-0"]
[WhiteElo "2689"]
[BlackElo "2437"]
[TimeControl "180+1"]
[EndTime "8:59:37 PDT"]
[Termination "Meri-Arabidze won by resignation"]

1. d4 Nf6 2. c4 e6 3. Nc3 d5 4. cxd5 exd5 5. Bg5 Nbd7 6. e3 c6 7. Bd3 Be7 8. h3 O-O 9. Qc2 h6 10. Bf4 Re8 11. Nf3 Nf8 12. O-O Ne6 13. Be5 Bd6 14. a3 a5 15. Rab1 Ng5 16. Nxg5 hxg5 17. f4 gxf4 18.
exf4 Nh5 19. g4 Ng3 20. Rf3 Bxe5 21. fxe5 Ne4 22. Bxe4 dxe4 23. Qxe4 Qh4 24. Rbf1 Be6 25. Qf4 Rad8 26. Ne4 Bd5 27. Re3 Bxe4 28. Rxe4 Re7 29. Kh2 b6 30. Qg3 Qxg3+ 31. Kxg3 c5 32. dxc5 bxc5 33.
Rc1 Rd5 34. Kf4 g6 35. Rcc4 Kg7 36. Ra4 Rd2 37. Rxa5 Rxb2 38. Rxc5 Rb3 39. Re3 Reb7 40.
Rcc3 Rb1 41. e6 Rf1+ 42. Kg3 fxe6 43. Rxe6 Rbb1 44. Kh4 Rf4 45. Kg5 Rf7 46. Rxg6+ Kf8 47. Rc8+ Ke7 48. Rc7+ Ke8 49. Rxf7 Kxf7 50. Rf6+ Kg7 51.
Rf3 Rb5+ 52. Kh4 Kg6 53. Rc3 Ra5 54. Rb3 Kh6 55. Kg3 Kg6 56. h4 Rc5 57. Rb6+ Kg7 58. h5 Rc3+ 59. Kh4 Rxa3 60. Rb7+ Kg8 61. h6 Ra1 62.
Kh5 Ra5+ 63. g5 Ra6 64. g6 Ra5+ 65. Kg4 Ra4+ 66. Kf5 Ra5+ 67. Ke4 Ra4+ 68. Kd5 Ra5+ 69.
Kc4 Ra8 70. Kb5 Rf8 71. Rc7 Rf5+ 72. Rc5 Rf8 73. Kb6 Rf6+ 74. Rc6 Rf8 75. Kb7 Re8 76. Rc8 1-0

[Event "Early-Titled-Tuesday-Blitz-July-09-2024"]
[Site "Chess.com"]
[Date "2024.07.09"]
[Round "5"]
[White "klercaku"]
[Black "kritipatel"]
[Result "1-0"]
[WhiteElo "2388"]
[BlackElo "2138"]
[TimeControl "180+1"]
[EndTime "8:59:38 PDT"]
[Termination "klercaku won by checkmate"]

1. e4 e5 2. Nf3 Nc6 3. d4 exd4 4. Nxd4 Bb4+ 5. c3 Bc5 6. Be3 Bb6 7. Be2 d6 8. O-O Nf6 9. Nd2 O-O 10. a4 Re8 11.
Qc2 Bd7 12. h3 h6 13. f4 a6 14. Bf3 Rc8 15. Kh1 Nxd4 16. cxd4 c5 17. d5 Ba5 18. Nc4 Bc7 19. e5 dxe5 20. d6 exf4 21. dxc7 Qxc7 22.
Bf2 b5 23. axb5 axb5 24. Nd2 b4 25. Rac1 Bb5 26. Rfe1 Rxe1+ 27. Bxe1 c4 28. Ne4 Nd5 29. Bf2 Ne3 30. Qd2 Rd8 31. Qxb4 Bc6 32. Qc5 Qb7 33. Bxe3 fxe3 34. Nf6+ gxf6 35. Bxc6 Qxb2 36. Re1 Qf2 37. Qxe3 Qxe3 38. Rxe3 Rc8 39. Bf3 c3 40. Re1 Kg7 41. Rc1 f5 42. Kh2 Kf6 43. Kg3 Ke5 44.
Kf2 f4 45. Be2 Ke4 46. Rc2 f6 47. Bf1 Rc5 48. Re2+ Kd4 49. Rc2 Rc7 50. Kf3 Ke5 51. Bd3 Rc5 52. Rc1 Rc7 53. Bc2 Rc5 54. Re1+ Kd4 55.
Kxf4 Rg5 56. g4 Ra5 57. Rd1+ Kc4 58. Re1 Ra2 59. Re2 Kd4 60. Kf5 Ra6 61. Kg6 Rd6 62.
Kxh6 f5+ 63. Kg5 fxg4 64. hxg4 Kc4 65. Kh5 Kb4 66. g5 Rd2 67. Rxd2 cxd2 68. g6 Kc3 69. Bd1 Kb2 70. g7 Kc1 71. Bg4 d1=Q 72. Bxd1 Kxd1 73. g8=Q Kd2 74. Qg3 Kd1 75. Qf2 Kc1 76.
Kg4 Kd1 77. Kf3 Kc1 78. Ke3 Kd1 79. Kd3 Kc1 80. Qc2# 1-0

[Event "Early-Titled-Tuesday-Blitz-July-09-2024"]
[Site "Chess.com"]
[Date "2024.07.09"]
[Round "5"]
[White "Zavgorodniy_Sergiy"]
[Black "Nitzan_Steinberg"]
[Result "1-0"]
[WhiteElo "2670"]
[BlackElo "2860"]
[TimeControl "180+1"]
[EndTime "8:59:42 PDT"]
[Termination "Zavgorodniy_Sergiy won by resignation"]

1. d4 Nf6 2. Nc3 d5 3. Bf4 e6 4. e3 a6 5. Nf3 b5 6. Bd3 Bb7 7. O-O c5 8. dxc5 Bxc5 9. Qe2 Nc6 10. e4 d4 11. Nb1 h6 12. a4 b4 13. e5 Nd5 14. Bg3 Be7 15. Nbd2 g5 16. Ne4 g4 17. Nfd2 h5 18. Nc4 Qc7 19. Ned6+ Kd7 20. Nxb7 Qxb7 21. f4 h4 22. Be1 h3 23. g3 f5 24.
exf6 Nxf6 25. f5 e5 26. Nd2 Rag8 27. Ne4 Kc7 28. Nxf6 Bxf6 29. Be4 Qb6 30. Kh1 Ne7 31. a5 Qb5 32. Qxb5 axb5 33. Bxb4 Nc6 34. Bc5 Ra8 35.
Bb6+ Kd6 36. c3 Bd8 37. Bxd8 Rhxd8 38. cxd4 Rxa5 39. Rxa5 Nxa5 40. f6 exd4 41. f7 Ke7 42.
Bg6 Nc4 43. Re1+ Ne3 44. Ra1 Kf6 45. Ra6+ Kg7 46. Re6 Nc4 47. Re8 Kxg6 48. Rxd8 Kxf7 49. Rxd4 Nxb2 50. Rb4 Nd3 51. Rxb5 Kf6 52. Kg1 Ne5 53. Rb3 Kf5 54. Kf2 Ke4 55. Ke2 Nf3 56. Rb4+ Kf5 57.
Ke3 Nxh2 58. Rb5+ Kg6 59. Kf4 Nf3 60. Rb6+ Kg7 61. Rb7+ Kg6 62. Rb6+ Kg7 63. Rb7+ Kg6 64. Rb1 h2 65. Rh1 Kh5 66. Ke3 Kg5 67. Ke4 Kh5 68. Kf4 Ng5 69. Rxh2+ Nh3+ 70. Kf5 Kh6 71. Kxg4 Kg6 72.
Rxh3 Kf6 73. Rh4 Kg7 74. Rh5 Kg6 75. Rg5+ Kf6 76. Kh4 Ke6 77. g4 Kf6 78. Rf5+ Ke6 79. Kh5 Ke7 80. Kg6 1-0